 Dungeon Crawl Stone Soup version 0.18.1-8-gdd0e5ea (webtiles) character file.

26327 M4edhros the Nimble (level 13, -2/89 HPs)
             Began as an Octopode Necromancer on May 21, 2016.
             Was a High Priest of Cheibriados.
             Slain by a sheep (5 damage)
             ... on level 6 of the Lair of Beasts on May 22, 2016.
             The game lasted 00:53:47 (8108 turns).

M4edhros the Nimble (Octopode Necromancer)          Turns: 8108, Time: 00:53:48

Health: -2/89      AC: 10    Str: 30    XL:     13   Next: 25%
Magic:  28/28      EV: -3    Int: 31    God:    Cheibriados [*****.]
Gold:   138        SH:  0    Dex: 31    Spells: 7 memorised, 3 levels left

rFire  . . .     SeeInvis .     Y - +1 lightning rod (0/13)
rCold  + . .     Gourm    .     (no shield)
rNeg   + + +     Faith    .     V - +0 hat of the Locust {*Confuse Str+6}
rPois  ∞         Spirit   .     d - amulet of regeneration
rElec  .         Dismiss  .     h - ring of stealth
rCorr  .         Reflect  .     n - +1 ring of protection
SustAt .         Harm     .     u - +5 ring of protection
MR     .....     Rnd*Rage +     D - ring of stealth
Stlth  ++++++++..               K - +3 ring of evasion
                                R - ring of wizardry
                                I - ring of magical power
                                (no ring)

@: petrified, very slow, not resistant to hostile enchantments, extraordinarily
stealthy
A: almost no armour, amphibious, 8 rings, constrict 8, molten scales 2,
camouflage 1, berserk 1, cold resistance 1, regeneration 1, strong 1, gelatinous
body 1
a: Bend Time, Temporal Distortion, Slouch, Step From Time, Renounce Religion


You were on level 6 of the Lair of Beasts.
You worshipped Cheibriados.
Cheibriados was extremely pleased with you.
You were hungry.

You visited 2 branches of the dungeon, and saw 21 of its levels.

You collected 942 gold pieces.
You spent 804 gold pieces at shops.

Inventory:

Hand Weapons
 a - a +8 greatsling of flaming
 M - a +5 blowgun
Missiles
 g - 177 stones
 r - 2 throwing nets (quivered)
 y - 35 poisoned needles
Armour
 V - the +0 hat of the Locust (worn) {*Confuse Str+6}
   (You found it on level 1 of the Lair of Beasts)

   It affects your strength (+6).
   It may confuse you when you take damage.
Magical Staves
 w - an uncursed staff of wizardry
Rods
 Y - a +1 lightning rod (0/13) (in tentacle)
   (You found it on level 5 of the Lair of Beasts)
Jewellery
 d - an amulet of regeneration (around mantle)
 h - a ring of stealth (left tentacle)
 n - a +1 ring of protection (right tentacle)
 u - a +5 ring of protection (on tentacle)
 C - an uncursed amulet of guardian spirit {unknown}
 D - a ring of stealth (on tentacle)
 I - a ring of magical power (on tentacle)
 K - a +3 ring of evasion (on tentacle)
 R - a ring of wizardry (on tentacle)
Wands
 i - a wand of confusion (23/48)
 x - a wand of slowing (13/48)
 z - a wand of lightning (5/15)
 A - a wand of teleportation (2/9)
 B - a wand of digging (12/24)
 G - a wand of confusion (8/48)
 O - a wand of iceblast (6/15)
 P - a wand of paralysis (9/24)
 T - a wand of slowing (22/48)
 U - a wand of iceblast (8/15)
 W - a wand of paralysis (11/24)
Scrolls
 e - 3 scrolls of teleportation
 j - 3 scrolls of magic mapping
 l - a scroll of blinking
 p - 3 scrolls of remove curse
 t - 2 scrolls of enchant armour
 v - 3 scrolls of immolation
 J - 2 scrolls of fear {unknown}
 S - 2 scrolls of recharging {unknown}
 X - 3 scrolls of noise
Potions
 f - a potion of resistance {unknown}
 m - 2 potions of lignification
 F - a potion of cancellation
 H - 2 potions of curing
 N - a potion of beneficial mutation {unknown}
 Q - 4 potions of brilliance
 Z - 2 potions of flight
Books
 c - a book of Beasts

   Spells                             Type                      Level
   a - Summon Butterflies             Summoning                    1
   b - Call Canine Familiar           Summoning                    3
   c - Summon Ice Beast               Ice/Summoning                4
   d - Summon Mana Viper              Hexes/Summoning              5
   e - Summon Hydra                   Summoning                    7
Miscellaneous
 s - a lamp of fire
 L - a stone of tremors
Comestibles
 b - 9 bread rations
 k - 19 fruits
 o - 12 meat rations
 q - 4 beef jerkies
 E - 3 royal jellies


   Skills:
 + Level 8.7 Fighting
 + Level 0.0 Slings
 + Level 11.9 Dodging
 - Level 7.5 Stealth
 + Level 11.5 Unarmed Combat
 + Level 4.3 Spellcasting
 + Level 3.1 Charms
 - Level 4.5 Summonings
 - Level 4.0 Necromancy
 - Level 6.4 Invocations
 * Level 5.7 Evocations


You had 3 spell levels left.
You knew the following spells:

 Your Spells              Type           Power        Failure   Level  Hunger
a - Pain                  Necr           ####         1%          1    None
b - Animate Skeleton      Necr           N/A          1%          1    None
c - Animate Dead          Necr           N/A          4%          4    ###....
d - Call Canine Familiar  Summ           ####....     1%          3    #......
e - Shroud of Golubria    Chrm/Tloc      ###.......   2%          2    None
f - Ozocubu's Armour      Chrm/Ice       ###.....     4%          3    #......
r - Regeneration          Chrm/Necr      ####......   1%          3    #......


Dungeon Overview and Level Annotations

Branches:
Dungeon (15/15)              Lair (6/8) D:8          Spider (0/4) Lair:3
    Orc (0/2) D:10         Depths (0/5) D:15
 Temple: D:4-7        Swamp: Lair:3-6    Shoals: Lair:3-6     Slime: Lair:6-8
 Vaults: D:13-14

Altars:
Ashenzari
Cheibriados
Dithmenos
Kikubaaqudgha
Nemelex Xobeh
Vehumet
Yredelemnul

Shops:
D:4 [*   D:11 **[(%

Annotations:
D:11 exclusion: hydra
D:15 exclusion: catoblepas
Lair:1 exclusion: hydra


Innate Abilities, Weirdness & Mutations

You cannot wear most types of armour.
You are amphibious.
You can wear up to eight rings at the same time.
You can use your tentacles to constrict eight enemies at once.
Your skin changes colour to match your surroundings (Stealth).
Your rubbery body absorbs attacks (AC +1).
You are mostly covered in molten scales (AC +3, EV -1).
You tend to lose your temper in combat.
Your flesh is cold resistant.
Your natural rate of healing is unusually fast.
Your muscles are strong. (Str +2)


Message History

* * * LOW HITPOINT WARNING * * *
The spiny frog stings you!
* * * LOW HITPOINT WARNING * * *
The sheep bites you but does no damage. The sheep bites you!
* * * LOW HITPOINT WARNING * * *
The catoblepas stomps with a crash on the ground.
The catoblepas gores you but does no damage.
The water moccasin bites you but does no damage.
The sheep bites you.
* * * LOW HITPOINT WARNING * * *
The spiny frog stings you!
* * * LOW HITPOINT WARNING * * *
The sheep bites you!
* * * LOW HITPOINT WARNING * * *
The sheep bites you but does no damage.
The catoblepas gores you but does no damage.
The water moccasin bites you!
* * * LOW HITPOINT WARNING * * *
The sheep bites you!
You die...

... ## .. ##..
.##. .##... ...
#. .....###..
...
#.......#.#..
.##......§...#.
.....⌠YY§⌠%....
#JJJYY@Y......
.....⌠YSF⌠.....
..#.†Y......##.
#......#..#
:...#####....
###.. .#.# ## .
. ..


You could see a catoblepas, an elephant, a spiny frog, a water moccasin, 5
sheep, a jelly and 2 oozes.

Vanquished Creatures
  A hydra (D:10)
  A centaur warrior (D:15)
  A hell knight (D:15)
  A skeletal warrior (D:14)
  An unseen horror (D:11)
  6 hill giants
  A wizard (D:14)
  An oklob plant (Lair:4)
  A deep elf mage (D:12)
  4 ugly things (D:14)
  An ice statue (Lair:3)
  A black mamba (Lair:1)
  2 gargoyles
  A rime drake (Lair:4)
  A kobold demonologist (D:14)
  A yaktaur (D:15)
  A komodo dragon (Lair:2)
  A yaktaur (shapeshifter) (D:15)
  An ice devil (Lair:3)
  A polar bear (Lair:2)
  2 trolls
  3 blink frogs (Lair:5)
  3 wyverns
  A basilisk (D:13)
  24 yaks
  2 hippogriffs
  A wraith (D:15)
  A steam dragon (D:8)
  2 vampire mosquitoes (D:13)
  4 water moccasins
  3 porcupines
  2 sky beasts
  4 orc warriors
  2 black bears
  12 ice beasts
  4 ogres
  A phantom (D:8)
  2 eyes of draining
  4 centaurs
  4 crocodiles
  11 giant frogs
  2 big kobolds
  A wyvern zombie (D:12)
  2 scorpions
  A water moccasin skeleton (D:10)
  6 killer bees
  3 spriggan skeletons (D:10)
  A troll skeleton (D:10)
  2 howler monkeys
  4 crimson imps
  A giant frog zombie (D:8)
  8 orc priests
  A giant frog skeleton (D:9)
  3 centaur skeletons (D:10)
  5 hounds
  Jessica (D:2)
  6 iguanas
  7 orc wizards
  5 worker ants
  A sheep (Lair:6)
  A worker ant zombie (D:9)
  7 adders
  33 river rats
  3 shadow imps
  14 white imps
  An adder skeleton (D:4)
  3 worms
  3 dart slugs
  5 giant geckos
  36 orcs
  A ball python (D:8)
  10 bats
  4 giant cockroaches
  4 goblins
  5 hobgoblins
  2 jackals (D:4)
  4 quokkas
  A giant gecko zombie (D:5)
  17 kobolds
  A quokka skeleton (D:8)
  17 rats
  A plant (Lair:5)
354 creatures vanquished.

Vanquished Creatures (collateral kills)
  A griffon (D:14)
  A troll (D:9)
  3 slime creatures
  4 yaks
  A hippogriff (D:13)
  2 vampire mosquitoes (D:12)
  An ogre (D:8)
  A phantom (D:8)
  A giant frog (D:7)
  A wyvern zombie (D:12)
  2 killer bees (D:8)
  A crimson imp (D:9)
  An orc priest (D:5)
  A jelly (D:8)
  4 orc wizards
  2 worker ants
  A gnoll (D:7)
  7 river rats
  2 white imps
  3 orcs
  A bat (D:8)
  A jackal (D:4)
  A quokka (D:9)
  2 rats (D:8)
  A plant (D:8)
46 creatures vanquished.

Vanquished Creatures (others)
  An ogre mage (D:15)
1 creature vanquished.

Grand Total: 401 creatures vanquished

Notes
Turn   | Place    | Note
--------------------------------------------------------------
     0 | D:1      | M4edhros the Octopode Necromancer began the quest for the Orb.
     0 | D:1      | Reached XP level 1. HP: 11/11 MP: 3/3
    24 | D:1      | Reached skill level 1 in Unarmed Combat
   110 | D:1      | Reached XP level 2. HP: 3/17 MP: 0/5
   176 | D:1      | oh, good, reg amulet 175
   191 | D:1      | Learned a level 1 spell: Animate Skeleton
   606 | D:2      | Noticed Jessica
   623 | D:2      | Killed Jessica
   623 | D:2      | Reached XP level 3. HP: 21/21 MP: 6/6
   628 | D:2      | Learned a level 3 spell: Regeneration
   658 | D:2      | Found a sparkling altar of Nemelex Xobeh.
   865 | D:2      | Found a shattered altar of Ashenzari.
   893 | D:2      | Reached XP level 4. HP: 26/27 MP: 7/7
   969 | D:3      | Found an ancient bone altar of Kikubaaqudgha.
  1050 | D:4      | Reached XP level 5. HP: 24/31 MP: 1/8
  1080 | D:4      | Found Narop's Assorted Antiques.
  1103 | D:4      | Reached skill level 5 in Unarmed Combat
  1107 | D:4      | Bought a ring of protection for 54 gold pieces
  1112 | D:4      | 5 prot ring for 54 gold, good bargain>
  1120 | D:4      | Found a radiant altar of Vehumet.
  1136 | D:4      | Found Kaythot's Antique Armour Emporium.
  1163 | D:5      | Entered Level 5 of the Dungeon
  1186 | D:5      | Reached XP level 6. HP: 29/36 MP: 5/9
  1324 | D:5      | Reached XP level 7. HP: 41/41 MP: 10/10
  1847 | D:7      | Found a snail-covered altar of Cheibriados.
  1872 | D:7      | Reached XP level 8. HP: 26/46 MP: 4/11
  1888 | D:7      | Became a worshipper of Cheibriados the Contemplative
  1989 | D:8      | Reached skill level 10 in Unarmed Combat
  2000 | D:8      | Reached * piety under Cheibriados
  2023 | D:8      | Noticed a yak
  2023 | D:8      | Noticed a yak
  2032 | D:8      | Killed a yak
  2032 | D:8      | Reached skill level 1 in Fighting
  2036 | D:8      | Killed a yak
  2144 | D:8      | Found a staircase to the Lair.
  2154 | D:8      | Reached XP level 9. HP: 48/54 MP: 12/12
  2271 | D:8      | Reached ** piety under Cheibriados
  2295 | D:8      | Got an iridescent scimitar
  2296 | D:8      | Identified the +6 scimitar of the Poles {speed, rElec} (You found it on level 8 of the Dungeon)
  2335 | D:8      | Learned a level 4 spell: Animate Dead
  2350 | D:8      | Reached skill level 5 in Dodging
  2611 | D:9      | Noticed a troll
  2614 | D:9      | Reached *** piety under Cheibriados
  2624 | D:9      | Killed a troll
  2624 | D:9      | Reached XP level 10. HP: 46/64 MP: 4/13
  2689 | D:9      | Found a basalt altar of Yredelemnul.
  2816 | D:10     | Entered Level 10 of the Dungeon
  2875 | D:10     | Reached skill level 5 in Fighting
  2898 | D:10     | Reached **** piety under Cheibriados
  3153 | D:10     | Noticed a four-headed hydra
  3594 | D:10     | Found a staircase to the Orcish Mines.
  3658 | D:10     | Killed a four-headed hydra
  3681 | D:11     | Found Noygo's Antique Weapon Boutique.
  3681 | D:11     | Found Luguann's Armour Emporium.
  3692 | D:11     | Reached skill level 5 in Stealth
  3839 | D:11     | Found Mehiucsa's Food Emporium.
  3881 | D:11     | Found a shadowy altar of Dithmenos.
  3882 | D:11     | Noticed a hill giant
  3890 | D:11     | Killed a hill giant
  3890 | D:11     | Reached skill level 1 in Invocations
  3922 | D:11     | Found Utooll's Assorted Antiques.
  3969 | D:11     | Killed an unseen horror
  3969 | D:11     | Reached XP level 11. HP: 66/72 MP: 7/14
  4148 | D:11     | Gained mutation: You are partially covered in molten scales (AC +1). [mutagenic meat]
  4149 | D:11     | Gained mutation: You are mostly covered in molten scales (AC +3, EV -1). [mutagenic meat]
  4299 | D:11     | Got a dazzling dagger
  4300 | D:11     | Identified the cursed +2 dagger "Dottiasm" {speed, rC+} (You found it on level 11 of the Dungeon)
  4349 | D:11     | Found Fipoucarr's General Store.
  4376 | D:11     | Noticed a seven-headed hydra
  4416 | D:11     | Bought a paperback book for 345 gold pieces
  4420 | D:11     | Learned a level 3 spell: Call Canine Familiar
  4575 | D:12     | Noticed a deep elf mage
  4586 | D:12     | Killed a deep elf mage
  4612 | D:12     | Noticed a hill giant
  4624 | D:12     | Killed a hill giant
  4624 | D:12     | Reached skill level 10 in Dodging
  4624 | D:12     | Reached skill level 1 in Summonings
  4653 | D:12     | Noticed a seven-headed hydra
  4730 | D:12     | Noticed a hill giant
  4743 | D:12     | Killed a hill giant
  4894 | D:12     | Noticed a wizard
  4999 | D:12     | Noticed a hill giant
  5077 | D:12     | Killed a hill giant
  5077 | D:12     | Reached skill level 1 in Evocations
  5120 | D:12     | Identified Ts'ui Pên's Volume of Forking Paths
  5127 | D:12     | Identified the Grimoire of Axaxaxas mlö
  5137 | D:12     | Identified the Compendium of Dhcmrlchtdj
  5310 | D:13     | You fall through a shaft!
  5310 | D:14     | Noticed a hill giant
  5330 | D:14     | Killed a hill giant
  5429 | D:14     | Noticed a skeletal warrior
  5442 | D:14     | Killed a skeletal warrior
  5469 | D:14     | Learned a level 2 spell: Shroud of Golubria
  5499 | D:14     | Reached skill level 5 in Invocations
  5499 | D:14     | Reached XP level 12. HP: 79/81 MP: 13/15
  5574 | D:14     | Reached ***** piety under Cheibriados
  5588 | D:14     | Gained mutation: Your flesh is cold resistant. [mutagenic meat]
  5589 | D:14     | Gained mutation: Your muscles are strong. (Str +2) [mutagenic meat]
  5590 | D:14     | Gained mutation: Your spells are a little harder to cast, but a little more powerful. [mutagenic meat]
  5597 | D:14     | Gained mutation: You tend to lose your temper in combat. [mutagenic meat]
  5599 | D:14     | Lost mutation: Your spells are a little harder to cast, but a little more powerful. [mutagenic meat]
  5600 | D:14     | Gained mutation: Your natural rate of healing is unusually fast. [mutagenic meat]
  5717 | D:15     | Entered Level 15 of the Dungeon
  5761 | D:15     | Noticed a catoblepas
  5767 | D:15     | Noticed an ogre mage
  5773 | D:15     | Noticed a hell knight
  5778 | D:15     | Killed an ogre mage
  5779 | D:15     | Killed a hell knight
  5783 | D:15     | Noticed an ettin
  5841 | D:15     | Noticed a centaur warrior
  5853 | D:15     | Killed a centaur warrior
  6157 | Lair:1   | Entered Level 1 of the Lair of Beasts
  6262 | Lair:1   | Noticed a seven-headed hydra
  6399 | Lair:1   | Got a spiked hat
  6405 | Lair:1   | Identified the +0 hat of the Locust {*Confuse Str+6} (You found it on level 1 of the Lair of Beasts)
  6675 | Lair:2   | Learned a level 3 spell: Ozocubu's Armour
  6899 | Lair:3   | Found a hole to the Spider Nest.
  6980 | Lair:3   | Reached skill level 1 in Charms
  6986 | Lair:3   | Reached XP level 13. HP: 89/89 MP: 18/18
  7046 | Lair:3   | Reached skill level 5 in Evocations
  7247 | D:11     | Bought a runed greatsling for 405 gold pieces
  7252 | D:11     | greatsling of flaming +7
  8107 | Lair:6   | HP: 2/89 [water moccasin (3)]
  8108 | Lair:6   | Slain by a sheep

Skill      XL: |  1  2  3  4  5  6  7  8  9 10 11 12 13 |
---------------+----------------------------------------+-----
Unarmed Combat | 1 3 4 5 7 8 10 11 | 11.5
Fighting       | 2 4 6 7 8 |  8.7
Dodging        | 4 7 9 10 11 | 11.9
Stealth        | 6 7 |  7.5
Invocations    | 2 5 6 |  6.4
Summonings     | 2 4 |  4.5
Evocations     | 2 4 5 |  5.7
Spellcasting   | 3 4 |  4.3
Charms         | 1 3 |  3.1
Necromancy     | |  4.0

Action                   |  1- 3 |  4- 6 |  7- 9 | 10-12 | 13-15 || total
-------------------------+-------+-------+-------+-------+-------++-------
Melee: Unarmed           |     9 |    27 |   243 |   508 |    63 ||   850
       Constrict         |     9 |    16 |    42 |    75 |    11 ||   153
       Tentacles         |     4 |    19 |    45 |   202 |    22 ||   292
       Dagger            |    27 |    67 |       |       |       ||    94
       Punch             |     1 |     2 |    20 |    80 |    19 ||   122
 Fire: Blowgun           |       |       |       |     3 |       ||     3
       Greatsling        |       |       |       |       |    42 ||    42
 Cast: Pain              |    15 |    14 |     1 |       |       ||    30
       Animate Skeleton  |     2 |     4 |    31 |    30 |     3 ||    70
       Regeneration      |       |     2 |    19 |    54 |     3 ||    78
       Animate Dead      |       |       |     1 |     9 |     3 ||    13
       Shroud of Golubri |       |       |       |     2 |       ||     2
Invok: Slouch            |       |       |       |     6 |     1 ||     7
       Temporal Distorti |       |       |       |     3 |       ||     3
Evoke: Wand              |       |       |     7 |    19 |       ||    26
       Rod               |       |       |       |       |     4 ||     4
  Use: Potion            |       |     1 |     3 |     2 |       ||     6
       Scroll            |       |       |     9 |    13 |     7 ||    29
 Stab: Sleeping          |     8 |     5 |     5 |    22 |     4 ||    44
       Distracted        |       |     1 |     4 |     5 |     1 ||    11
  Eat: Chunk             |       |     3 |     4 |    25 |     1 ||    33
       Bread ration      |       |       |     1 |       |       ||     1
       Royal jelly       |       |       |       |     1 |     1 ||     2
Armor: Skin              |     3 |    28 |    61 |    54 |    23 ||   169
Dodge: Dodged            |    14 |    55 |   146 |   457 |    92 ||   764
